 Dungeon Crawl Stone Soup version 0.27-a0-998-g4cfe56dd59 (webtiles) character file.

Game seed: 5215492296856446796

232 harryhousin the Covered (level 6, 0/44 HPs)
             Began as a Gnoll Wanderer on Apr 16, 2021.
             Slain by a gnoll shaman
             ... wielding a +0 club
              (4 damage)
             ... on level 4 of the Dungeon.
             The game lasted 00:17:04 (3603 turns).

harryhousin the Covered (Gnoll Wanderer)            Turns: 3603, Time: 00:17:06

Health: 0/44       AC:  5    Str: 19    XL:     6   Next: 4%
Magic:  17/19      EV: 11    Int: 12    God:
Gold:   88         SH:  0    Dex: 11    Spells: 10/11 levels left

rFire    . . .     SeeInvis .   s - +1 hand axe (flame)
rCold    . . .     Faith    .   (no shield)
rNeg     . . .     Spirit   .   f - +0 leather armour
rPois    .         Reflect  .   (no helmet)
rElec    .         Harm     .   (no cloak)
rCorr    .         Rampage  .   o - +0 pair of gloves
Will     .....                  (no boots)
Stlth    +.........             (no amulet)
HPRegen  0.14/turn              p - +6 ring of strength
MPRegen  0.16/turn              n - ring of magical power

@: no status effects
A: fangs 1, strong nose, distributed training
a: no special abilities


You were on level 4 of the Dungeon.
You visited 1 branch of the dungeon, and saw 4 of its levels.

You collected 230 gold pieces.
You spent 142 gold pieces at shops.

Inventory:

Hand Weapons
 s - a +1 hand axe of flaming (weapon)
Armour
 f - a +0 leather armour (worn)
 o - a +0 pair of gloves (worn)
Jewellery
 g - a ring of resist corrosion
 n - a ring of magical power (right hand)
 p - a +6 ring of strength (left hand)
Wands
 e - a wand of flame (8) (quivered)
Scrolls
 h - a scroll of holy word {unknown}
 i - a scroll of blinking
 j - a scroll of identify
 k - a scroll of magic mapping
 l - a scroll of teleportation {unknown}
 r - a scroll of enchant armour {unknown}
Potions
 b - 2 potions of berserk rage {unknown}
 c - 2 potions of haste {unknown}
 d - a potion of flight {unknown}
 m - a potion of ambrosia {unknown}
 q - a potion of lignification {unknown}


   Skills:
 + Level 1.7 Fighting
 + Level 1.7 Short Blades
 + Level 1.7 Long Blades
 + Level 1.7 Axes
 + Level 1.7 Maces & Flails
 + Level 1.7 Polearms
 + Level 1.7 Staves
 + Level 1.7 Slings
 + Level 1.7 Bows
 + Level 1.7 Crossbows
 + Level 3.1 Throwing
 + Level 6.7 Armour
 + Level 1.7 Dodging
 + Level 1.7 Stealth
 + Level 1.7 Shields
 + Level 1.7 Unarmed Combat
 + Level 3.3 Spellcasting
 + Level 1.3 Conjurations
 + Level 1.3 Hexes
 + Level 1.3 Summonings
 + Level 1.3 Necromancy
 + Level 1.3 Translocations
 + Level 4.0 Transmutations
 + Level 1.3 Fire Magic
 + Level 4.0 Ice Magic
 + Level 1.3 Air Magic
 + Level 1.3 Earth Magic
 + Level 1.3 Poison Magic
 + Level 2.0 Invocations
 + Level 3.1 Evocations


You had 10 spell levels left.
You knew the following spells:

 Your Spells              Type           Power      Damage    Failure   Level
a - Freeze                Ice            44%        1d6       5%          1

Your spell library contained the following spells:

 Spells                   Type           Power      Damage    Failure   Level
 Foxfire                  Conj/Fire      20%        2x1d5     16%         1
 Frozen Ramparts          Ice            22%        1d4       16%         3
 Inner Flame              Hex/Fire       5%         N/A       43%         3


Dungeon Overview and Level Annotations

Branches:
Dungeon (4/15)
 Temple: D:4-7

Altars:
Cheibriados
Wu Jian

Shops:
D:2 ==?


Innate Abilities, Weirdness & Mutations

You have very sharp teeth.
Your uncanny sense of smell can sniff out nearby items.
Your experience applies equally to all skills.


Message History

Unknown command.
Casting: Freeze (safe; 5% risk of failure)
Confirm with . or Enter, or press ? or * to list all spells.
You don't know that spell.
A gnoll comes into view. It is wielding a +0 flail.
The gnoll shouts!
You see here a jackal corpse.
The gnoll hits you with a +0 halberd! The gnoll hits you but does no damage.
You closely miss the gnoll. You hit the gnoll. You burn the gnoll.
The gnoll barely misses you. The gnoll hits you but does no damage.
You hit the gnoll. You burn the gnoll.
The gnoll is heavily wounded.
You barely miss the gnoll. The gnoll barely misses you.
The gnoll hits you but does no damage.
You hit the gnoll but do no damage.
The gnoll is heavily wounded.
You hit the gnoll. You burn the gnoll. The gnoll misses you.
The gnoll barely misses you. The gnoll hits you with a +0 halberd!
You hit the gnoll shaman. You burn the gnoll shaman.
The gnoll shaman is moderately wounded.
You closely miss the gnoll.
The gnoll hits you from afar with a +0 vorpal spear.
The gnoll barely misses you.
The gnoll shaman calls upon its god to heal the gnoll.
The gnoll is healed somewhat.
You hit the gnoll shaman but do no damage.
The gnoll shaman is moderately wounded.
You hit the gnoll. You burn the gnoll.
The gnoll hits you from afar with a +0 vorpal spear.
The gnoll hits you with a +0 halberd!
* * * LOW HITPOINT WARNING * * *
The gnoll shaman hits you with a +0 club.
* * * LOW HITPOINT WARNING * * *
You hit the gnoll shaman. You burn the gnoll shaman.
The gnoll shaman is heavily wounded.
You hit the gnoll. You burn the gnoll.
You kill the gnoll!
The gnoll hits you but does no damage.
The gnoll shaman hits you with a +0 club.
You die...

...............#
...............#
...........†...#
...............#######
......................
...............#..###
..............# +#
.#..######)†.# ...
##@## #g# #g# #g# ...
... ... ##.##


You could see a gnoll shaman and 2 gnolls.

Vanquished Creatures
  A necrophage (D:4)
  Terence (D:2)
  A gnoll (D:4)
  7 adders
  3 dart slugs (D:1)
  An orc (D:3)
  4 ball pythons
  6 bats
  4 endoplasms
  3 goblins
  3 hobgoblins
  9 jackals
  A quokka (D:1)
  7 frilled lizards
  4 kobolds
  A rat (D:2)
56 creatures vanquished.

Vanquished Creatures (others)
  A plant (D:3)
1 creature vanquished.

Grand Total: 57 creatures vanquished

Notes
Turn   | Place    | Note
-------+----------+-------------------------------------------
     0 | D:1      | harryhousin the Gnoll Wanderer began the quest for the Orb.
     0 | D:1      | harryhousin set off with the following items: a +0 club, a
                  | +0 robe, a wand of flame (15); and the following spells
                  | available to memorise: Freeze, Frozen Ramparts, Foxfire,
                  | Inner Flame
     0 | D:1      | Reached XP level 1. HP: 13/13 MP: 4/4
   161 | D:1      | Learned a level 1 spell: Freeze
   190 | D:1      | Reached XP level 2. HP: 19/19 MP: 2/5
   728 | D:1      | Reached XP level 3. HP: 4/25 MP: 0/7
  1367 | D:2      | Found an ornate altar of the Wu Jian Council.
  1372 | D:2      | Reached skill level 1 in Invocations
  1382 | D:1      | Reached skill level 1 in Fighting
  1382 | D:1      | Reached skill level 1 in Short Blades
  1382 | D:1      | Reached skill level 1 in Long Blades
  1382 | D:1      | Reached skill level 1 in Axes
  1382 | D:1      | Reached skill level 1 in Maces & Flails
  1382 | D:1      | Reached skill level 1 in Polearms
  1382 | D:1      | Reached skill level 1 in Staves
  1382 | D:1      | Reached skill level 1 in Slings
  1382 | D:1      | Reached skill level 1 in Bows
  1382 | D:1      | Reached skill level 1 in Crossbows
  1382 | D:1      | Reached skill level 1 in Dodging
  1382 | D:1      | Reached skill level 1 in Stealth
  1382 | D:1      | Reached skill level 1 in Shields
  1382 | D:1      | Reached skill level 1 in Unarmed Combat
  1490 | D:2      | Reached XP level 4. HP: 13/32 MP: 4/8
  1743 | D:2      | Found Havipsow's Jewellery Emporium.
  1890 | D:2      | Found Piffafyigu's Jewellery Shop.
  1892 | D:2      | Noticed Terence
  1904 | D:2      | Killed Terence
  1905 | D:2      | Reached skill level 1 in Conjurations
  1905 | D:2      | Reached skill level 1 in Hexes
  1905 | D:2      | Reached skill level 1 in Summonings
  1905 | D:2      | Reached skill level 1 in Necromancy
  1905 | D:2      | Reached skill level 1 in Translocations
  1905 | D:2      | Reached skill level 1 in Fire Magic
  1905 | D:2      | Reached skill level 1 in Air Magic
  1905 | D:2      | Reached skill level 1 in Earth Magic
  1905 | D:2      | Reached skill level 1 in Poison Magic
  2436 | D:2      | Found Lafuuxt's Magic Scroll Shop.
  2449 | D:2      | Bought a scroll of blinking for 82 gold pieces
  2449 | D:2      | Bought a scroll of identify for 22 gold pieces
  2449 | D:2      | Bought a scroll of magic mapping for 38 gold pieces
  2518 | D:3      | Reached XP level 5. HP: 37/37 MP: 7/9
  3113 | D:3      | Found a snail-covered altar of Cheibriados.
  3561 | D:4      | Noticed a necrophage
  3570 | D:4      | Killed a necrophage
  3571 | D:4      | Reached XP level 6. HP: 41/44 MP: 10/10
  3603 | D:4      | Slain by a gnoll shaman

Illustrated notes

Levels and vault maps discovered:
D:1:      dpeg_arrival_erosion, layout_rooms
D:2:      layout_rooms, basic_altar, serial_shops,
          nicolae_shop_temple_entry_statues_fountains, nicolae_shop_statue_plus,
          shop_fountains, chequers_decorated_corner, uniq_terence
D:3:      layout_loops_cross, cheibriados_altar_1, serial_bayou_crossing
D:4:      layout_rooms, nicolae_overflow_quartered_altars, kennysheep_doodads

Skill      XL: |  1  2  3  4  5 |
---------------+----------------+-----
Invocations    | 1 2 |  2.0
Fighting       | 1 |  1.7
Short Blades   | 1 |  1.7
Long Blades    | 1 |  1.7
Axes           | 1 |  1.7
Maces & Flails | 1 |  1.7
Polearms       | 1 |  1.7
Staves         | 1 |  1.7
Slings         | 1 |  1.7
Bows           | 1 |  1.7
Crossbows      | 1 |  1.7
Dodging        | 1 |  1.7
Stealth        | 1 |  1.7
Shields        | 1 |  1.7
Unarmed Combat | 1 |  1.7
Spellcasting   | 3 |  3.3
Conjurations   | 1 |  1.3
Hexes          | 1 |  1.3
Summonings     | 1 |  1.3
Necromancy     | 1 |  1.3
Translocations | 1 |  1.3
Fire Magic     | 1 |  1.3
Air Magic      | 1 |  1.3
Earth Magic    | 1 |  1.3
Poison Magic   | 1 |  1.3
Throwing       | 3 |  3.1
Transmutations | 4 |  4.0
Ice Magic      | 4 |  4.0
Evocations     | 3 |  3.1
Armour         | |  6.7

Action                   |  1- 3 |  4- 6 || total
-------------------------+-------+-------++-------
Melee: Club              |    47 |     8 ||    55
       Bite              |     2 |       ||     2
       Punch             |     1 |       ||     1
       Hand axe          |       |    12 ||    12
       Unarmed           |       |     1 ||     1
 Cast: Freeze            |    47 |    47 ||    94
Evoke: Wand              |     2 |     5 ||     7
 Stab: Sleeping          |     1 |       ||     1
Armor: Robe              |    13 |       ||    13
       Leather armour    |    30 |    14 ||    44
Dodge: Dodged            |    76 |    31 ||   107

Table legend: (Time is in decaauts)
 A = Elapsed time spent in this place.
 B = Non-inter-level travel time spent in this place.
 C = Inter-level travel time spent in this place.
 D = Time resting spent in this place.
 E = Time spent auto-exploring this place.
 F = Levels seen in this place.
 G = Mean time per level.
                   A        B        C        D        E       F      G
               +--------+--------+--------+--------+--------+-----+--------+
         Total |   3623 |   3505 |    118 |   1648 |   1102 |   4 |  905.8 |
       Dungeon |   3623 |   3505 |    118 |   1648 |   1102 |   4 |  905.8 |
               +--------+--------+--------+--------+--------+-----+--------+

Top non-repeatable levels by time:
     D:1: 1451 daAuts
     D:2: 1074 daAuts
     D:3: 1051 daAuts
     D:4: 45 daAuts
